 Dungeon Crawl Stone Soup version 0.15.1-3-g1b33baa (webtiles) character file.

4151 CrazyArbalest the Slicer (level 10, -2/68 HPs)
             Began as a Halfling Fighter on Oct 6, 2014.
             Was an Elder of Okawaru.
             Killed by divine providence
             ... invoked by an orc priest
              (7 damage)
             ... on Level 9 of the Dungeon.
             The game lasted 01:01:29 (9829 turns).

CrazyArbalest the Slicer (Halfling Fighter)         Turns: 9829, Time: 01:01:31

HP  -2/68        AC  9     Str 16      XL: 10   Next: 52%
MP   0/11        EV 17     Int  7      God: Okawaru [****..]
Gold 295         SH  7     Dex 18      Spells:  0 memorised,  9 levels left

rFire  + . .     SeeInvis .     L - +1 short sword (venom)
rCold  . . .     Clarity  .     B - +0 ring mail {rF+}
rNeg   + . .     rCorr    .     c - +0 buckler
rPois  +         rRot     .     x - +2 hat of the Bear Spirit {Spirit, +Rage rN+ MR++}
rElec  .         Spirit   +     y - +0 cloak {rPois}
SustAb .         Warding  .     (no gloves)
rMut   .         Stasis   .     (no boots)
Gourm  .                        (no amulet)
MR     ++...                    O - ring of stealth
                                h - ring of wizardry

@: very resistant to hostile enchantments, fairly stealthy
A: mutation resistance 1
a: Heroism, Renounce Religion, Evoke Berserk Rage


You were on level 9 of the Dungeon.
You worshipped Okawaru.
Okawaru was greatly pleased with you.
You were very hungry.

You visited 2 branches of the dungeon, and saw 10 of its levels.

You collected 531 gold pieces.
You spent 236 gold pieces at shops.

Inventory:

Hand weapons
 a - a +0 cutlass
 m - a +1 dagger of venom
 C - a +0 dagger of protection
 L - a +1 short sword of venom (weapon)
Missiles
 g - 419 stones (quivered)
 q - 52 bolts
 s - 11 bolts of penetration
 A - 81 sling bullets
 K - 12 bolts of flame
Armour
 c - a +0 buckler (worn)
 u - a +2 robe of fire resistance
 x - the +2 hat of the Bear Spirit (worn) {Spirit, +Rage rN+ MR++}
   (You found it on level 5 of the Dungeon)

   It protects you from negative energy.
   It affects your resistance to hostile enchantments.
   It lets you go berserk.
 y - a +0 cloak of poison resistance (worn)
 B - a +0 ring mail of fire resistance (worn)
 H - a +2 robe of cold resistance
 S - a +1 ring mail of poison resistance
Magical devices
 U - a wand of random effects (5)
Comestibles
 d - 5 bread rations
 l - 4 meat rations
 o - 4 beef jerkies
 P - a fruit
Scrolls
 i - 2 scrolls of enchant weapon
 j - 4 scrolls of identify
 n - 2 scrolls of remove curse
 p - 3 scrolls of teleportation
 v - 3 scrolls of amnesia
 E - 2 scrolls of magic mapping
 G - a scroll of fear
 J - 3 scrolls of recharging
 W - a scroll of enchant armour
 X - a scroll of blinking
Jewellery
 h - a ring of wizardry (left hand)
 O - a ring of stealth (right hand)
Potions
 b - a potion of flight {unknown}
 e - a potion of might
 f - a potion of heal wounds
 k - a potion of haste
 r - a potion of confusion {unknown}
 t - a potion of porridge
 w - 2 potions of invisibility {unknown}
 z - 4 potions of curing
 D - a potion of degeneration {unknown}
 F - 4 potions of magic {unknown}
 M - 3 potions of agility {unknown}
 T - a potion of berserk rage {unknown}
Books
 I - a book of Death

   Spells                             Type                      Level
   Corpse Rot                         Necromancy                   2
   Sublimation of Blood               Necromancy                   2
   Agony                              Necromancy                   5
   Dispel Undead                      Necromancy                   5
   Excruciating Wounds                Charms/Necromancy            5
   Bolt of Draining                   Conjuration/Necromancy       5
 Y - a book of Alchemy

   Spells                             Type                      Level
   Sublimation of Blood               Necromancy                   2
   Alistair's Intoxication            Transmutation/Poison         4
   Condensation Shield                Ice                          4
   Petrify                            Transmutation/Earth          4
   Ignite Poison                      Fire/Transmutation           5


   Skills:
 + Level 6.1 Fighting
 + Level 8.4 Short Blades
 + Level 6.7 Armour
 + Level 8.1 Dodging
 + Level 3.8 Stealth
 + Level 7.6 Shields
 + Level 0.9 Invocations
 + Level 0.2 Evocations


You had 9 spell levels left.
You didn't know any spells.

Dungeon Overview and Level Annotations

Branches:
Dungeon (9/15)             Temple (1/1) D:4            Lair (0/8) D:8
    Orc: D:9-12

Altars:
Ashenzari
Cheibriados
Dithmenos
Elyvilon
Fedhas
Kikubaaqudgha
Makhleb
Nemelex Xobeh
Okawaru
Qazlal
Sif Muna
Trog
Vehumet
Xom
Yredelemnul
Zin
The Shining One

Shops:
D:5 %!*}   D:7 %

Annotations:
D:5 mess' ghost, experienced DEEE


Innate Abilities, Weirdness & Mutations

You are small and have problems with some larger weapons.
You are somewhat resistant to further mutation.


Message History

The black bear closely misses you. The black bear misses you.
The killer bee completely misses you. The killer bee closely misses you.
You block the killer bee's attack. The killer bee barely misses you.
The killer bee closely misses you. The killer bee closely misses you.
You open the door. The killer bee completely misses you.
The killer bee closely misses you. The black bear misses you.
The black bear misses you. The black bear barely misses you.
The killer bee stings you.
* * * LOW HITPOINT WARNING * * *
The killer bee stings you.
* * * LOW HITPOINT WARNING * * *
The killer bee stings you.
* * * LOW HITPOINT WARNING * * *
The killer bee misses you.
The orc priest mumbles some strange prayers to Beogh against you.
Something smites you!
You die...

#...#.#.....#
#...#.#.....#
#...#......#
####...###..# # ..
#........#..#.#### ...
#......#...........
....##......+..:.......
..[...#.....o##.........
....<.##....hy@.........
........#...>.y#........
.....|.#.#.o....#.......
#......#........#.......
................#.......
####.....########......
#.####...# ..... %#.#
#...# .... #%#y###..# #


You could see an orc warrior, a black bear, 2 killer bees and an orc priest.

Vanquished Creatures
  An ugly thing (D:8)
  A queen bee (D:9)
  Prince Ribbit (D:8)
  A hippogriff (D:9)
  A hungry ghost (D:7)
  3 sky beasts
  2 orc warriors
  A phantom (D:5)
  2 ogres
  2 centaurs
  3 giant frogs
  2 scorpions
  A troll skeleton (D:8)
  3 goliath beetles
  11 killer bees (D:9)
  4 crimson imps
  2 giant frog zombies
  A black bear zombie (D:5)
  4 hounds
  4 orc priests
  An iguana (D:4)
  Natasha (thrice) (D:3)
  10 orc wizards
  3 worker ants
  Jessica (D:2)
  A hound skeleton (D:4)
  13 gnolls
  3 adders
  A scorpion zombie (D:8)
  3 shadow imps
  3 worms
  A giant mite (D:5)
  A goliath beetle zombie (D:5)
  An iguana zombie (D:8)
  A gnoll zombie (D:5)
  An iguana skeleton (D:5)
  2 orc skeletons
  2 oozes (D:3)
  31 orcs
  A ball python (D:6)
  12 bats
  16 hobgoblins
  5 quokkas
  5 giant cockroaches
  4 giant geckos
  3 giant newts
  15 goblins
  10 jackals
  16 kobolds
  14 rats
  A rat skeleton (D:4)
234 creatures vanquished.

Vanquished Creatures (others)
  A plant (D:5)
1 creature vanquished.

Grand Total: 235 creatures vanquished

Notes
Turn   | Place    | Note
--------------------------------------------------------------
     0 | D:1      | CrazyArbalest, the Halfling Fighter, began the quest for the Orb.
     0 | D:1      | Reached XP level 1. HP: 15/15 MP: 1/1
    10 | D:1      | Noticed a fire drake
    10 | D:1      | Noticed a water moccasin
    10 | D:1      | Noticed a polar bear
    93 | D:1      | Reached XP level 2. HP: 20/20 MP: 2/2
   507 | D:1      | Reached XP level 3. HP: 26/26 MP: 3/3
   978 | D:2      | Noticed Jessica
   994 | D:2      | Killed Jessica
   994 | D:2      | Reached XP level 4. HP: 21/31 MP: 4/4
  1146 | D:2      | Reached skill level 1 in Dodging
  1613 | D:3      | Found a shimmering altar of Xom.
  1663 | D:3      | You fall through a shaft for 3 floors!
  1671 | D:6      | Reached skill level 4 in Armour
  1671 | D:6      | Reached XP level 5. HP: 34/36 MP: 5/5
  1724 | D:6      | Found a radiant altar of Vehumet.
  1775 | D:6      | Noticed a giant frog
  1803 | D:6      | Killed a giant frog
  1803 | D:6      | Reached XP level 6. HP: 30/42 MP: 6/6
  2068 | D:5      | Entered Level 5 of the Dungeon
  2091 | D:5      | Found Yvisorr's Distillery.
  2108 | D:5      | Bought a potion of heal wounds for 39 gold pieces
  2108 | D:5      | Bought a potion of heal wounds for 39 gold pieces
  2108 | D:5      | Bought a potion of curing for 26 gold pieces
  2182 | D:5      | Found Zyjog's Assorted Antiques.
  2368 | D:4      | Reached XP level 7. HP: 41/47 MP: 7/7
  2382 | D:4      | Found a staircase to the Ecumenical Temple.
  2633 | Temple   | Entered the Ecumenical Temple
  2929 | Temple   | Became a worshipper of Warmaster Okawaru
  3026 | D:4      | Noticed a sky beast
  3058 | D:4      | Killed a sky beast
  3058 | D:4      | Reached skill level 5 in Shields
  3155 | D:3      | Noticed Natasha
  3164 | D:3      | Killed Natasha
  3180 | D:3      | Found a snail-covered altar of Cheibriados.
  3303 | D:3      | Reached skill level 5 in Short Blades
  3304 | D:3      | Acquired Okawaru's first power
  3501 | D:3      | Reached skill level 5 in Armour
  3511 | D:3      | Noticed Natasha
  3517 | D:3      | Killed Natasha
  3721 | D:3      | Noticed Natasha
  3727 | D:3      | Killed Natasha
  3727 | D:3      | Reached XP level 8. HP: 54/54 MP: 8/8
  4107 | D:5      | Found a burning altar of Makhleb.
  4469 | D:5      | Found a shadowy altar of Dithmenos.
  4685 | D:5      | Reached skill level 5 in Dodging
  4883 | D:5      | Noticed a sky beast
  4900 | D:5      | Killed a sky beast
  4994 | D:5      | Found Esyo's Gadget Emporium.
  5246 | D:5      | Reached skill level 6 in Short Blades
  5459 | D:5      | Noticed mess' ghost (experienced DEEE)
  5688 | D:5      | Found Tabroral's Food Shoppe.
  6044 | D:5      | Reached skill level 5 in Fighting
  6044 | D:5      | Reached skill level 1 in Stealth
  6044 | D:5      | Reached XP level 9. HP: 13/61 MP: 3/9
  6095 | D:5      | Found a white marble altar of Elyvilon.
  6646 | D:7      | Found Blumnigg's Food Shop.
  7154 | D:7      | Found a glowing golden altar of the Shining One.
  7825 | D:5      | Bought a murky white potion for 31 gold pieces
  7825 | D:5      | Bought a scroll labeled WEYKHL TRIRY for 35 gold pieces
  7825 | D:5      | Bought a scroll labeled XIKOIS ZIDAM for 35 gold pieces
  7825 | D:5      | Bought a metallic cyan potion for 31 gold pieces
  8364 | D:8      | Reached skill level 7 in Dodging
  8477 | D:8      | Noticed a cyan ugly thing
  9004 | D:8      | Noticed Prince Ribbit
  9040 | D:8      | Killed Prince Ribbit
  9040 | D:8      | Reached XP level 10. HP: 28/67 MP: 7/10
  9153 | D:8      | Found a staircase to the Lair.
  9384 | D:8      | Killed a cyan ugly thing
  9586 | D:9      | Reached skill level 8 in Short Blades
  9801 | D:9      | HP: 3/68 [killer bee (6)]
  9829 | D:9      | Killed from afar by an orc priest

Action                   |  1- 3 |  4- 6 |  7- 9 | 10-12 || total
-------------------------+-------+-------+-------+-------++-------
Melee: Cutlass           |   109 |   255 |   337 |    22 ||   723
       Short sword       |       |       |   300 |    77 ||   377
       Dagger            |       |       |   375 |    56 ||   431
Invok: Heroism           |       |       |       |     1 ||     1
Evoke: Wand              |       |       |       |     1 ||     1
  Use: Scroll            |       |       |     4 |     8 ||    12
       Potion            |       |       |       |     3 ||     3
 Stab: Sleeping          |       |       |     8 |     1 ||     9
       Distracted        |       |       |     1 |       ||     1
  Eat: Chunk             |       |     5 |    19 |     2 ||    26
       Pizza             |       |       |     3 |       ||     3
       Fruit             |       |       |     2 |       ||     2
